 Dungeon Crawl Stone Soup version 0.28-a0-80-g9707f7362f (webtiles) character file.

Game seed: 16606072573828829947

55 fishnetcowboy the Skirmisher (level 3, -2/33 HPs)
             Began as a Hill Orc Fighter on Aug 6, 2021.
             Slain by a gnoll (4 damage)
             ... on level 2 of the Dungeon.
             The game lasted 00:25:26 (2465 turns).

fishnetcowboy the Skirmisher (Hill Orc Fighter)     Turns: 2465, Time: 00:25:27

Health: -2/33      AC:  8    Str: 19    XL:     3   Next: 93%
Magic:  3/3        EV:  7    Int:  8    God:
Gold:   55         SH:  9    Dex: 10    Spells: 2/2 levels left

rFire   . . .      SeeInvis .   a - +0 war axe {popcorn}
rCold   . . .      Faith    .   c - +0 kite shield
rNeg    . . .      Spirit   .   b - +0 scale mail
rPois   .          Reflect  .   (no helmet)
rElec   .          Harm     .   (no cloak)
rCorr   .          Rampage  .   (no gloves)
Will    .....                   e - +0 pair of boots
Stlth   ..........              (no amulet)
HPRegen 0.11/turn               (no ring)
MPRegen 0.08/turn               (no ring)

@: no status effects
A: no striking features
a: no special abilities


You were on level 2 of the Dungeon.
You visited 1 branch of the dungeon, and saw 2 of its levels.

You collected 55 gold pieces.

Inventory:

Hand Weapons
 a - a +0 war axe (weapon) {popcorn}
 f - a +0 club {fuck you}
 g - a +0 dagger
 h - a +0 whip
 j - a +0 dagger
 k - a +0 club
Missiles
 i - 31 stones (quivered)
 o - 27 arrows
Armour
 b - a +0 scale mail (worn)
 c - a +0 kite shield (worn)
 e - a +0 pair of boots (worn)
Scrolls
 l - a scroll of holy word {unknown}
 n - a scroll of identify
 q - a scroll of enchant armour {unknown}
Potions
 d - a potion of might
 m - a potion of curing {unknown}
 p - a potion of flight {unknown}


   Skills:
 + Level 4.1 Fighting
 + Level 3.6 Axes
 + Level 3.7 Armour
 + Level 0.7 Dodging
 + Level 0.1 Stealth
 + Level 3.7 Shields


You had 2 spell levels left.
You didn't know any spells.
Your spell library was empty.

Dungeon Overview and Level Annotations

Branches:
Dungeon (2/15)

Altars:


Message History

The gnoll throws a stone.
The stone hits you but does no damage. You block the rat's attack.
The gnoll throws a stone.
The stone hits you but does no damage.
The gnoll throws a stone.
The stone barely misses you.
The gnoll hits you from afar with a +0 spear. x2
You block the rat's attack.
The gnoll throws a stone.
The stone hits you but does no damage.
You hit the rat.
You kill the rat!
The gnoll hits you from afar with a +0 spear.
The gnoll throws a stone.
You block the stone. You block the gnoll's attack.
The gnoll hits you with a +0 spear. The gnoll hits you but does no damage.
The gnoll hits you with a +0 spear.
You are too injured to fight recklessly!
You are too injured to fight recklessly!
You are too injured to fight recklessly!
You are too injured to fight recklessly!
The gnoll hits you with a +0 whip. The gnoll hits you but does no damage.
The gnoll hits you from afar with a +0 spear.
* * * LOW HITPOINT WARNING * * *
You block the gnoll's attack. You block the gnoll's attack.
The gnoll hits you but does no damage. You block the gnoll's attack.
You are too injured to fight recklessly!
You are too injured to fight recklessly!
You are too injured to fight recklessly!
You are too injured to fight recklessly!
You hit the gnoll.
The gnoll is lightly wounded.
You block the gnoll's attack.
The gnoll hits you but does no damage. x2
You closely miss the gnoll.
The gnoll is lightly wounded.
You closely miss the gnoll.
The gnoll hits you from afar with a +0 spear.
* * * LOW HITPOINT WARNING * * *
The gnoll hits you with a +0 whip.
* * * LOW HITPOINT WARNING * * *
You block the gnoll's attack.
The gnoll hits you from afar with a +0 spear.
You die...

... #.########## ...
.##........... #.#
..#..########. ###.# ###
##.##..<)######. ....##...#
##...###.......#. #......#
#..#..##.#####...
#.###.........##...###....####.
#.# #.##<..##g#.#.#####..###.
#.# .##...#@g.....# #..#.. #)#
...!.###g#.########...# #.#
...##...g...##.......# #g#
#..#.#.#.#.#(#........ #.#
#..#........(#...####.
###.########..#####.#####...# .
......##..g........÷..gg..### #
........)#####.#######.÷###
......########.##### ##..###


You could see 4 gnolls.

Vanquished Creatures
  2 gnolls (D:2)
  2 ball pythons
  3 endoplasms (D:1)
  A giant cockroach (D:2)
  4 goblins
  2 hobgoblins
  4 jackals (D:1)
  2 bats (D:1)
  2 frilled lizards (D:2)
  7 kobolds
  4 rats
33 creatures vanquished.

Vanquished Creatures (others)
  19 plants (D:1)
19 creatures vanquished.

Grand Total: 52 creatures vanquished

Notes
Turn   | Place    | Note
-------+----------+-------------------------------------------
     0 | D:1      | fishnetcowboy the Hill Orc Fighter began the quest for the
                  | Orb.
     0 | D:1      | Reached XP level 1. HP: 19/19 MP: 1/1
   198 | D:2      | Reached XP level 2. HP: 19/27 MP: 2/2
   305 | D:2      | Reached XP level 3. HP: 25/33 MP: 3/3
   830 | D:1      | Reached skill level 4 in Fighting
  2465 | D:2      | Slain by a gnoll

Illustrated notes

Levels and vault maps discovered:
D:1:      dpeg_arrival_round_b, layout_loops_corners, dk_noncrumbling_4,
          minmay_misc_feat_cross, st_stairs_11, serial_bayou_lake_a
D:2:      minmay_spotlight, layout_rooms

Skill      XL: |  1  2  3 |
---------------+----------+-----
Axes           | 3 |  3.6
Fighting       | 4 |  4.1
Armour         | |  3.7
Dodging        | |  0.7
Stealth        | |  0.1
Shields        | |  3.7

Action                   || total
-------------------------++-------
Melee: War axe           ||   124
  Use: Scroll            ||     1
Armor: Scale mail        ||    54
Dodge: Dodged            ||    36
Block: Kite shield       ||    76

Table legend: (Time is in decaauts)
 A = Elapsed time spent in this place.
 B = Non-inter-level travel time spent in this place.
 C = Inter-level travel time spent in this place.
 D = Time resting spent in this place.
 E = Time spent auto-exploring this place.
 F = Levels seen in this place.
 G = Mean time per level.
                   A        B        C        D        E       F      G
               +--------+--------+--------+--------+--------+-----+--------+
         Total |   2599 |   2599 |      0 |    343 |    114 |   2 | 1299.5 |
       Dungeon |   2599 |   2599 |      0 |    343 |    114 |   2 | 1299.5 |
               +--------+--------+--------+--------+--------+-----+--------+

Top non-repeatable levels by time:
     D:1: 2252 daAuts
     D:2: 346 daAuts
